 Dungeon Crawl Stone Soup version 0.31-a0-523-g071a6c1ffa (webtiles) character file.

Game seed: 15637665674239606340

117 Dittersdorf the Shield-Bearer (level 5, -10/33 HPs)
             Began as a Gargoyle Fighter on Aug 11, 2023.
             Killed from afar by Ijyb (20 damage)
             ... with a bolt of dispelling energy
             ... on level 3 of the Dungeon.
             The game lasted 00:02:58 (2133 turns).

Dittersdorf the Shield-Bearer (Gargoyle Fighter)    Turns: 2133, Time: 00:02:59

Health: -10/33     AC: 12    Str: 21    XL:     5   Next: 1%
Magic:  5/5        EV:  9    Int:  9    God:
Gold:   155        SH:  4    Dex:  9    Spells: 4/4 levels left

rFire   . . .        a - +0 flail
rCold   + . .        c - +0 buckler
rNeg    + + .        b - +0 scale mail
rPois   ∞            i - +0 helmet
rElec   +            (no cloak)
rCorr   .            (no gloves)
SInv    .            (no boots)
Will    .....        (no amulet) Stlth
                     k - ring of positive energy
HPRegen 0.25/turn    l - ring of protection from cold
MPRegen 0.09/turn

%: no passive effects
@: no status effects
A: sickness immunity, AC +4, negative energy resistance 1, electricity
resistance, torment resistance 1, petrification resistance
a: no special abilities


You were on level 3 of the Dungeon.
You visited 1 branch of the dungeon, and saw 3 of its levels.

You collected 155 gold pieces.

Inventory:

Hand Weapons
 a - a +0 flail (weapon)
Armour
 b - a +0 scale mail (worn)
 c - a +0 buckler (worn)
 i - a +0 helmet (worn)
Jewellery
 k - a ring of positive energy (left hand)
 l - a ring of protection from cold (right hand)
Scrolls
 f - a scroll of teleportation {unknown}
 g - a scroll of poison {unknown}
 h - a scroll of amnesia {unknown}
 j - a scroll of identify {unknown}
 n - a scroll of vulnerability {unknown}
Potions
 d - a potion of might
 e - a potion of ambrosia {unknown}
 m - a potion of mutation {unknown}


   Skills:
 + Level 4.1 Fighting
 + Level 3.0 Maces & Flails
 + Level 4.0 Armour
 + Level 4.2 Shields


You had 4 spell levels left.
You didn't know any spells.
Your spell library was empty.

Dungeon Overview and Level Annotations

Branches:
Dungeon (3/15)

Altars:
Nemelex Xobeh
Wu Jian

Shops:
D:2 =

Annotations:
D:3 Ijyb


Innate Abilities, Weirdness & Mutations

You are immune to sickness and miasma.
Your stone body is resilient. (AC +4)
You are immune to poison.
You resist negative energy. (rN+)
You are resistant to electric shocks. (rElec)
You are resistant to unholy torment.
You are immune to petrification.


Message History

You closely miss the ball python. The ball python barely misses you.
The ball python constricts you.
You hit the ball python.
You kill the ball python!
No reachable target in view!
No reachable target in view!
No reachable target in view!
No reachable target in view!
No reachable target in view!
No reachable target in view!
No reachable target in view!
No reachable target in view!
No reachable target in view!
No reachable target in view!
No reachable target in view!
No reachable target in view!
No reachable target in view!
No reachable target in view!
A giant cockroach is nearby!
Ijyb the Twisted Goblin comes into view.
She is wielding a +0 dagger and carrying a wand of quicksilver.
Ijyb shouts!
Ijyb zaps a wand.
The bolt of dispelling energy hits you!
Ijyb zaps a wand.
The bolt of dispelling energy hits you!
Ouch! That really hurt!
You sock Ijyb!
Ijyb is moderately wounded.
A worm comes into view.
Ijyb barely misses you.
You completely miss Ijyb.
Ijyb is moderately wounded.
Ijyb hits you with a +0 dagger.
You barely miss Ijyb.
Ijyb is moderately wounded.
Ijyb hits you but does no damage.
You hit Ijyb but do no damage.
Ijyb is moderately wounded.
Ijyb zaps a wand.
The bolt of dispelling energy hits you!!
Ouch! That really hurt!
You die...

##...##...######...#
#####...##..B.##..#
#...##|##..#..#
##...###...##.#
..###.# .### #.#
##### #.# #...# #.#
.###@..#####.#
.....wg.........#
#################


You could see Ijyb and a worm.

Vanquished Creatures
  Robin (D:2)
  4 adders
  A dart slug (D:1)
  An orc (D:2)
  4 endoplasms
  A giant cockroach (D:1)
  9 goblins
  8 hobgoblins
  8 jackals
  6 kobolds
  2 quokkas (D:1)
  4 ball pythons
  7 bats
  2 frilled lizards (D:2)
  6 rats
64 creatures vanquished.

Notes
Turn   | Place    | Note
-------+----------+-------------------------------------------
     0 | D:1      | Dittersdorf the Gargoyle Fighter began the quest for the
                  | Orb.
     0 | D:1      | Reached XP level 1. HP: 14/14 MP: 1/1
   107 | D:1      | Reached XP level 2. HP: 17/19 MP: 2/2
   531 | D:1      | Reached XP level 3. HP: 18/23 MP: 3/3
  1066 | D:2      | Noticed Robin
  1080 | D:2      | Killed Robin
  1083 | D:2      | Reached XP level 4. HP: 24/29 MP: 4/4
  1152 | D:2      | Found a sparkling altar of Nemelex Xobeh.
  1258 | D:2      | Found a faded altar of an unknown god.
  1666 | D:2      | Found Hoh Xaeg's Jewellery Boutique.
  1849 | D:3      | Found an ornate altar of the Wu Jian Council.
  1858 | D:3      | Found a sparkling altar of Nemelex Xobeh.
  2091 | D:3      | Reached XP level 5. HP: 33/33 MP: 5/5
  2125 | D:3      | Noticed Ijyb
  2133 | D:3      | Killed from afar by Ijyb

Illustrated notes

Levels and vault maps discovered:
D:1:      elethiomel_arrival_shortcut, layout_loops_corners, kennysheep_boxes
D:2:      layout_basic, ebering_ecumenical_altar_webs, serial_shops, shop,
          basic_altar, uniq_robin
D:3:      layout_loops_corners, mainiacjoe_overflow_swirl,
          ebering_ghost_inner_flame, minmay_puff, uniq_natasha, uniq_jessica,
          uniq_ijyb, uniq_grinder, uniq_terence

Skill      XL: |  1  2  3  4 |
---------------+-------------+-----
Shields        | 4 |  4.2
Fighting       | 4 |  4.1
Armour         | 4 |  4.0
Maces & Flails | 3 |  3.0

Action                     |  1- 3 |  4- 6 || total
---------------------------+-------+-------++-------
  Melee: Flail             |   117 |    94 ||   211
 Armour: Scale mail        |    74 |    62 ||   136
  Dodge: Dodged            |    57 |    47 ||   104
  Block: Buckler           |    27 |    17 ||    44

Table legend: (Time is in decaauts)
 A = Elapsed time spent in this place.
 B = Non-inter-level travel time spent in this place.
 C = Inter-level travel time spent in this place.
 D = Time resting spent in this place.
 E = Time spent auto-exploring this place.
 F = Levels seen in this place.
 G = Mean time per level.
                   A        B        C        D        E       F      G
               +--------+--------+--------+--------+--------+-----+--------+
         Total |   2194 |   2139 |     55 |      0 |   1620 |   3 |  731.3 |
       Dungeon |   2194 |   2139 |     55 |      0 |   1620 |   3 |  731.3 |
               +--------+--------+--------+--------+--------+-----+--------+

Top non-repeatable levels by time:
     D:1: 1113 daAuts
     D:2: 713 daAuts
     D:3: 367 daAuts
